 Dungeon Crawl Stone Soup version 0.32-a0-163-g159c032296 (webtiles) character file.

Game seed: 651168892244946809

5410 whatisthis the Thaumaturge (level 10, -3/60 HPs)
             Began as a Djinni Fire Elementalist on Feb 11, 2024.
             Slain by a five-headed hydra (8 damage)
             ... on level 9 of the Dungeon.
             The game lasted 00:26:51 (8946 turns).

whatisthis the Thaumaturge (DjFE)                   Turns: 8946, Time: 00:26:52

Health: -3/60      AC:  7    Str: 11    XL:     10   Next: 99%
Gold:   525        EV: 27    Int: 28    God:
                   SH:  0    Dex: 16

rFire   + + +        y - staff of Courage {rC+ rN+ Str+4 Dex+3 Ice}
rCold   + . .        (no shield)
rNeg    + . .        K - +1 robe {rC+ rF+}
rPois   ∞            (no helmet)
rElec   .            m - +0 cloak
rCorr   .            J - +2 pair of gloves
SInv    .            (boots unavailable)
Will    +....        k - amulet of the acrobat
Stlth   ++           t - +6 ring of intelligence
HPRegen 0.30/turn    (no ring)
MPRegen 0.00/turn

%: acrobat, infuse magic (-4 HP)
@: about to teleport, acrobatic, flying
A: sickness immunity, fire resistance 2, cold vulnerability 1, float, innate
caster, HP casting, extra vitality 1
a: no special abilities


You were on level 9 of the Dungeon.
You visited 2 branches of the dungeon, and saw 10 of its levels.
You also visited: Sewer and Ossuary.

You collected 525 gold pieces.

Inventory:

Hand Weapons
 r - a +2 whip of freezing
Missiles
 i - 2 throwing nets
 n - 12 poisoned darts
 F - a curare-tipped dart
Armour
 g - a scarf of shadows
 m - a +0 cloak (worn)
 J - a +2 pair of gloves (worn)
 K - a +1 robe of resistance (worn)
Magical Staves
 y - the staff of Courage (weapon) {rC+ rN+ Str+4 Dex+3 Ice}
   (You found it on level 6 of the Dungeon)

   [staff of cold]

   Base accuracy: +5 Base damage: 5 Base attack delay: 1.2 This weapon's minimum
   attack delay (0.6) is reached at skill level 12.
   Str+4:     It affects your strength (+4).
   Dex+3:     It affects your dexterity (+3).
   rC+:       It protects you from cold.
   rN+:       It protects you from negative energy.
   Ice:       It increases the power of your Ice spells.
   It falls into the 'Staves' category.
   It is a one-handed weapon.
Jewellery
 k - an amulet of the acrobat (around neck)
 t - a +6 ring of intelligence (left hand)
Wands
 H - a wand of polymorph (6)
 I - a wand of light (9)
Scrolls
 b - 4 scrolls of blinking
 c - 2 scrolls of enchant armour {unknown}
 e - 3 scrolls of immolation
 f - 2 scrolls of torment {unknown}
 h - 2 scrolls of amnesia {unknown}
 j - 3 scrolls of fear {unknown}
 o - 3 scrolls of vulnerability {unknown}
 q - 3 scrolls of enchant weapon {unknown}
 u - 6 scrolls of teleportation
 v - a scroll of noise {unknown}
 w - 2 scrolls of revelation {unknown}
 A - a scroll of fog {unknown}
 E - a scroll of silence {unknown}
 G - a scroll of poison {unknown}
Potions
 a - 2 potions of lignification {unknown}
 l - 2 potions of heal wounds {unknown}
 p - 4 potions of haste
 s - 5 potions of invisibility
 x - 3 potions of attraction
 z - 2 potions of berserk rage {unknown}
 B - 2 potions of curing {unknown}
 C - a potion of brilliance {unknown}
 D - a potion of ambrosia {unknown}


   Skills:
 - Level 2.1 Dodging
 - Level 1.5 Stealth
 + Level 12.5 Spellcasting
 + Level 12.5 Conjurations
 + Level 12.5 Hexes
 + Level 12.5 Summonings
 + Level 12.5 Necromancy
 + Level 12.5 Translocations
 + Level 12.5 Fire Magic
 + Level 12.5 Ice Magic
 + Level 12.5 Air Magic
 + Level 12.5 Earth Magic
 + Level 12.5 Alchemy


You knew the following spells:

 Your Spells              Type           Power      Damage    Failure   Level
a - Foxfire               Conj/Fire      100%       2x1d9     1%          1
b - Scorch                Fire           100%       2d9       1%          2
c - Volatile Blastmotes   Fire/Tloc      100%       2d18      1%          3
d - Inner Flame           Hex/Fire       73%        N/A       1%          3
e - Flame Wave            Conj/Fire      73%        2d16      1%          4
f - Summon Small Mammal   Summ           100%       N/A       1%          1
g - Searing Ray           Conj           100%       2d8       1%          2
h - Dazzling Flash        Conj/Hex       100%       N/A       1%          3
i - Sigil of Binding      Hex            73%        N/A       1%          3
Your spell library was empty.

Dungeon Overview and Level Annotations

Branches:
Dungeon (9/15)             Temple (1/1) D:6           Sewer (visited)
Ossuary (visited)
   Lair: D:8-11         Orc: D:9-12

Altars:
Ashenzari
Cheibriados
Dithmenos
Elyvilon
Fedhas
Hepliaklqana
Makhleb
Nemelex Xobeh
Okawaru
Qazlal
Ru
Trog
Uskayaw
Wu Jian
Xom
Yredelemnul
Zin
The Shining One

Shops:
D:3 =   D:5 *   D:6 :[

Annotations:
D:1 1 transporter
D:5 2 transporters, anacleto's ghost, amateur SpHu


Innate Abilities, Weirdness & Mutations

You are immune to sickness and miasma.
You are immune to poison.
Your flesh is very heat resistant. (rF++)
You are vulnerable to cold. (rC-)
You float through the air rather than walking.
You learn spells naturally, not from books.
Your magical power is your life essence.
You have superior vitality. (+4 MHP)


Message History

The five-headed hydra is moderately wounded.
The concussive blast engulfs the troll!
The troll is almost dead.
The troll is knocked back by the blast.
The five-headed hydra is knocked back by the blast.
You hear a croak.
Unknown command.
As you read the scroll of teleportation, it crumbles to dust.
You feel strangely unstable.
You hear a roar!
The five-headed hydra bites you but does no damage. x2
The five-headed hydra bites you.
The five-headed hydra closely misses you.
The five-headed hydra bites you but does no damage.
Unknown command.
Unknown command.
Casting: Volatile Blastmotes (safe; 1% risk of failure)
Confirm with . or Enter, or press ? or * to list all spells.
Casting: Flame Wave (safe; 1% risk of failure)
Press: ? - help, Dir - look around, f - activate A wave of flame ripples out!
The flame wave engulfs the five-headed hydra.
The five-headed hydra is moderately wounded.
The flame wave engulfs the troll!
You kill the troll! (Press . to intensify the flame waves.)
You hear a croak.
The five-headed hydra bites you. The five-headed hydra misses you.
The five-headed hydra barely misses you. x2
The five-headed hydra bites you!
Unknown command.
A wave of flame ripples out!
The flame wave engulfs the five-headed hydra!
The five-headed hydra is heavily wounded.
* * * LOW HITPOINT WARNING * * *
The five-headed hydra bites you!
* * * LOW HITPOINT WARNING * * *
The five-headed hydra completely misses you. x2
The five-headed hydra bites you!
You die...

#.# ##..# ##
## #.###..##
.# #.##..##
##.#
###....## #..
#...##.#
#.####.####.#
#.)....#....#
#####.##.####
#.D@.# ######


You could see a five-headed hydra.

Vanquished Creatures
  Pikel (D:9)
  A troll (D:9)
  Prince Ribbit (D:7)
  6 yaks
  4 water moccasins
  A sky beast (D:7)
  An orc warrior (D:7)
  2 ice beasts
  2 black bears
  A crocodile (Sewer)
  2 ogres (D:6)
  3 centaurs
  2 lemures (D:9)
  3 phantoms
  A kobold brigand (D:7)
  2 bullfrogs
  3 scorpions
  8 wights
  A crimson imp (D:6)
  A bombardier beetle (D:5)
  2 centaur zombies (Ossuary)
  3 orc priests
  A hound (D:6)
  A jelly (D:6)
  A gnoll bouda (D:6)
  2 iguanas (D:5)
  6 orc wizards
  3 ogre zombies (Ossuary)
  7 mummies (Ossuary)
  18 gnolls
  8 adders
  3 river rats (D:5)
  3 white imps
  An ufetubus (D:6)
  5 adder zombies (Ossuary)
  5 ribbon worms
  35 orcs
  2 bats
  4 endoplasms
  3 giant cockroaches
  6 goblins
  5 hobgoblins
  5 jackals (Sewer)
  4 quokkas
  6 ball pythons
  A frilled lizard (D:2)
  3 goblin zombies (Ossuary)
  2 hobgoblin zombies (Ossuary)
  8 kobolds
  2 kobold zombies (Ossuary)
  11 quokka zombies (Ossuary)
  6 rats
  2 rat zombies (Ossuary)
220 creatures vanquished.

Vanquished Creatures (collateral kills)
  A sky beast (D:6)
  A bombardier beetle (D:3)
  A frilled lizard (D:3)
  4 kobolds (D:7)
7 creatures vanquished.

Vanquished Creatures (others)
  546 foxfires
546 creatures vanquished.

Grand Total: 773 creatures vanquished

Notes
Turn   | Place    | Note
-------+----------+-------------------------------------------
     0 | D:1      | whatisthis the Djinni Fire Elementalist began the quest for
                  | the Orb.
     0 | D:1      | whatisthis set off with the following spells memorised:
                  | Foxfire, Scorch, Volatile Blastmotes, Inner Flame, Flame
                  | Wave.
     0 | D:1      | Reached XP level 1. HP: 15/15 MP: 0/0
   204 | D:1      | Reached XP level 2. HP: 18/21 MP: 0/0
   580 | D:2      | Reached XP level 3. HP: 24/25 MP: 0/0
   580 | D:2      | Learned a level 1 spell: Summon Small Mammal
   880 | D:2      | Reached XP level 4. HP: 15/31 MP: 0/0
  1296 | D:3      | Found a faded altar of an unknown god.
  1520 | D:3      | Reached XP level 5. HP: 32/35 MP: 0/0
  1520 | D:3      | Learned a level 2 spell: Searing Ray
  1737 | D:3      | Found Teburgh's Jewellery Emporium.
  2016 | D:3      | Reached skill level 5 in Spellcasting
  2016 | D:3      | Reached skill level 5 in Conjurations
  2016 | D:3      | Reached skill level 5 in Hexes
  2016 | D:3      | Reached skill level 5 in Summonings
  2016 | D:3      | Reached skill level 5 in Necromancy
  2016 | D:3      | Reached skill level 5 in Translocations
  2016 | D:3      | Reached skill level 5 in Fire Magic
  2016 | D:3      | Reached skill level 5 in Ice Magic
  2016 | D:3      | Reached skill level 5 in Air Magic
  2016 | D:3      | Reached skill level 5 in Earth Magic
  2016 | D:3      | Reached skill level 5 in Alchemy
  2146 | D:4      | Reached XP level 6. HP: 33/40 MP: 0/0
  2901 | D:5      | Entered Level 5 of the Dungeon
  2901 | D:5      | Noticed an ice beast
  2901 | D:5      | Found a glowing drain.
  2978 | D:5      | Found Ezuvao's General Store.
  2998 | D:5      | Found a transporter.
  3006 | D:5      | Noticed anacleto's ghost (amateur SpHu)
  3047 | D:4      | Killed an ice beast
  3048 | D:4      | Reached XP level 7. HP: 25/45 MP: 0/0
  3048 | D:4      | Learned a level 3 spell: Dazzling Flash
  3137 | Sewer    | Entered a sewer
  3425 | D:5      | Found a transporter.
  3629 | D:5      | Reached XP level 8. HP: 47/50 MP: 0/0
  3908 | D:5      | Found a white marble altar of Elyvilon.
  4342 | D:6      | Found Gaotot Lyast's Book Boutique.
  4500 | D:6      | Reached XP level 9. HP: 46/55 MP: 0/0
  4500 | D:6      | Learned a level 3 spell: Sigil of Binding
  4590 | D:6      | Found Nuedyp's Armour Boutique.
  4613 | D:6      | Identified the staff of Courage {rC+ rN+ Str+4 Dex+3 Ice}
  4895 | D:6      | Found a sand-covered staircase.
  4934 | Ossuary  | Entered an ossuary
  5545 | Ossuary  | Reached skill level 10 in Spellcasting
  5545 | Ossuary  | Reached skill level 10 in Conjurations
  5545 | Ossuary  | Reached skill level 10 in Hexes
  5545 | Ossuary  | Reached skill level 10 in Summonings
  5545 | Ossuary  | Reached skill level 10 in Necromancy
  5545 | Ossuary  | Reached skill level 10 in Translocations
  5545 | Ossuary  | Reached skill level 10 in Fire Magic
  5545 | Ossuary  | Reached skill level 10 in Ice Magic
  5545 | Ossuary  | Reached skill level 10 in Air Magic
  5545 | Ossuary  | Reached skill level 10 in Earth Magic
  5545 | Ossuary  | Reached skill level 10 in Alchemy
  5747 | D:6      | Found a staircase to the Ecumenical Temple.
  5758 | Temple   | Entered the Ecumenical Temple
  5792 | D:6      | Found a burning altar of Makhleb.
  6244 | D:7      | Noticed Prince Ribbit
  6245 | D:7      | Identified the +1 robe of Hairiness {Str+3}
  6251 | D:7      | Killed Prince Ribbit
  6252 | D:7      | Reached XP level 10. HP: 35/60 MP: 0/0
  6463 | D:7      | Noticed Maurice
  6757 | D:7      | Maurice changed into Maurice the water moccasin
  6757 | D:7      | Noticed Maurice
  6761 | D:7      | Killed Maurice the water moccasin
  8546 | D:9      | Noticed Pikel
  8574 | D:9      | Killed Pikel
  8942 | D:9      | Noticed a five-headed hydra
  8946 | D:9      | Slain by a five-headed hydra

Illustrated notes

Levels and vault maps discovered:
D:1:      spicycebolla_arrival_risky_transporter, layout_basic,
          nicolae_the_louvre
D:2:      layout_loops_cross
D:3:      layout_loops_cross, serial_shops, nicolae_shop_pleasant_corner_grove,
          ebering_ecumenical_altar_hall
D:4:      layout_loops_ring, hangedman_decor_points, kennysheep_generic_room_10
D:5:      layout_gridville, nicolae_elyvilon_temple_path,
          gammafunk_ghost_stat_death, portal_sewer_entry_b, serial_shops, shop
D:6:      layout_cave_pools, makhleb_grotto_becter, minmay_temple_entry_hall,
          serial_shops, shop, serial_column_ruins, column_ruins_circle_large,
          column_ruins_hut_pillars, column_ruins_columns_dead_end,
          column_ruins_open_tiny, column_ruins_open_tiny,
          column_ruins_columns_dead_end, column_ruins_open_small_water,
          column_ruins_open_tiny, column_ruins_open_tiny, enter_ossuary_1,
          nicolae_stop_n_shop_1
D:7:      layout_loops_ring, uniq_prince_ribbit1, uniq_maurice
D:8:      black_bear_nest_1, layout_loops_ring
D:9:      layout_basic, nicolae_doodle_vault, uniq_pikel
Temple:   hellmonk_temple_of_storms

Skill      XL: |  1  2  3  4  5  6  7  8  9 10 |
---------------+-------------------------------+-----
Spellcasting   | 4 5 6 7 8 10 12 | 12.5
Conjurations   | 4 5 6 7 8 10 12 | 12.5
Hexes          | 4 5 6 7 8 10 12 | 12.5
Summonings     | 4 5 6 7 8 10 12 | 12.5
Necromancy     | 4 5 6 7 8 10 12 | 12.5
Translocations | 4 5 6 7 8 10 12 | 12.5
Fire Magic     | 4 5 6 7 8 10 12 | 12.5
Ice Magic      | 4 5 6 7 8 10 12 | 12.5
Air Magic      | 4 5 6 7 8 10 12 | 12.5
Earth Magic    | 4 5 6 7 8 10 12 | 12.5
Alchemy        | 4 5 6 7 8 10 12 | 12.5
Dodging        | |  2.1
Stealth        | |  1.5

Action                     |  1- 3 |  4- 6 |  7- 9 | 10-12 || total
---------------------------+-------+-------+-------+-------++-------
  Melee: Staff             |       |       |     2 |     1 ||     3
   Cast: Foxfire           |    56 |    76 |   200 |     6 ||   338
         Scorch            |     5 |    32 |   103 |    19 ||   159
         Summon Small Mamm |     2 |     4 |    17 |     9 ||    32
         Volatile Blastmot |       |     2 |       |    73 ||    75
         Searing Ray       |       |     2 |     2 |       ||     4
         Flame Wave        |       |       |     1 |     1 ||     2
         Dazzling Flash    |       |       |     1 |       ||     1
         Sigil of Binding  |       |       |     1 |       ||     1
  Evoke: Wand              |       |       |       |     5 ||     5
    Use: Scroll            |       |       |       |     7 ||     7
 Armour: Robe              |     5 |     8 |    22 |    31 ||    66
  Dodge: Dodged            |     4 |     8 |    22 |    24 ||    58

Table legend: (Time is in decaauts)
 A = Elapsed time spent in this place.
 B = Non-inter-level travel time spent in this place.
 C = Inter-level travel time spent in this place.
 D = Time resting spent in this place.
 E = Time spent auto-exploring this place.
 F = Levels seen in this place.
 G = Mean time per level.
                   A        B        C        D        E       F      G
               +--------+--------+--------+--------+--------+-----+--------+
         Total |   8946 |   8615 |    331 |   1558 |   4479 |  12 |  745.5 |
       Dungeon |   8114 |   7783 |    331 |   1367 |   4219 |   9 |  901.6 |
        Temple |      7 |      7 |      0 |      0 |      0 |   1 |    7.0 |
         Sewer |    146 |    146 |      0 |     29 |      0 |   1 |  146.0 |
       Ossuary |    677 |    677 |      0 |    162 |    260 |   1 |  677.0 |
               +--------+--------+--------+--------+--------+-----+--------+

Top non-repeatable levels by time:
     D:7: 1211 daAuts
     D:5: 1206 daAuts
     D:8: 1167 daAuts
     D:4: 929 daAuts
     D:3: 885 daAuts
     D:6: 826 daAuts
     D:2: 698 daAuts
 Ossuary: 677 daAuts
     D:9: 645 daAuts
     D:1: 543 daAuts
   Sewer: 146 daAuts
  Temple: 7 daAuts
